 Dungeon Crawl Stone Soup version 0.29.1-2-gbd0b4ee654 (webtiles) character file.

Game seed: 9148522956812278414

102 Ivernyr the Insei (level 4, 0/34 (36) HPs)
             Began as a Draconian Transmuter on Nov 1, 2022.
             Slain by a crimson imp
             ... wielding a +0 dagger of chaos
              (2 damage)
             ... on level 3 of the Dungeon.
             The game lasted 00:03:21 (2613 turns).

Ivernyr the Insei (Draconian Transmuter)            Turns: 2613, Time: 00:03:21

HP:   0/34 (36)     AC:  6    Str: 12    XL:     4   Next: 49%
MP:   7/7           EV: 12    Int: 15    God:
Gold: 97            SH:  0    Dex: 12    Spells: 5/8 levels left

rFire   . . .      SeeInvis .     - Unarmed
rCold   . . .      Faith    .   (no shield)
rNeg    . . .      Spirit   .   (body armour unavailable)
rPois   .          Reflect  .   (helmet restricted)
rElec   .          Harm     .   (no cloak)
rCorr   .          Rampage  .   c - +0 pair of gloves
Will    .....                   (no boots)
Stlth   +.........              (no amulet)
HPRegen 0.11/turn               (no ring)
MPRegen 0.10/turn               (no ring)

@: drained
A: AC +5, unfitting armour, cold-blooded
a: no special abilities


You were on level 3 of the Dungeon.
You visited 1 branch of the dungeon, and saw 3 of its levels.

You collected 97 gold pieces.

Inventory:

Armour
 c - a +0 pair of gloves (worn)
Scrolls
 b - a scroll of magic mapping {unknown}
 f - 2 scrolls of enchant weapon {unknown}
 i - 2 scrolls of enchant armour {unknown}
Potions
 a - a potion of lignification
 d - a potion of heal wounds {unknown}
 e - a potion of ambrosia {unknown}
 g - a potion of degeneration {unknown}
 h - a potion of berserk rage {unknown}
 j - a potion of attraction {unknown}


   Skills:
 + Level 2.2 Fighting
 - Level 1.7 Dodging
 + Level 3.5 Unarmed Combat
 + Level 2.6 Spellcasting
 * Level 3.4 Transmutations


You had 5 spell levels left.
You knew the following spells:

 Your Spells              Type           Power      Damage    Failure   Level
a - Beastly Appendage     Tmut           24%        N/A       5%          1
b - Wereblood             Tmut           12%        N/A       8%          2

Your spell library contained the following spells:

 Spells                   Type           Power      Damage    Failure   Level
 Spider Form              Tmut/Pois      7%         N/A       30%         3
 Ice Form                 Ice/Tmut       7%         N/A       71%         4


Dungeon Overview and Level Annotations

Branches:
Dungeon (3/15)

Altars:
Makhleb
Ru
Xom
Zin

Shops:
D:3 *


Innate Abilities, Weirdness & Mutations

Your plain brown scales are hard. (AC +5)
You cannot fit into any form of body armour.
You are cold-blooded and may be slowed by cold attacks.


Message History

The crimson imp is moderately wounded.
The crimson imp barely misses you.
You closely miss the crimson imp.
You tail-slap the crimson imp, but do no damage.
The crimson imp is moderately wounded.
You flicker back into view.
The crimson imp closely misses you.
You hit the crimson imp.
The crimson imp is heavily wounded.
The crimson imp closely misses you.
You hit the crimson imp.
The crimson imp is heavily wounded.
The crimson imp hits you but does no damage.
You barely miss the crimson imp.
Your tail-slap misses the crimson imp.
The crimson imp is heavily wounded.
You hit the crimson imp but do no damage.
Your tail-slap misses the crimson imp.
The crimson imp is heavily wounded.
The crimson imp lashes its tail.
The crimson imp hits you but does no damage.
You feel drained.
You hit the crimson imp.
The crimson imp is severely wounded.
The crimson imp closely misses you.
You hit the crimson imp. You tail-slap the crimson imp.
The crimson imp is severely wounded.
The crimson imp hits you but does no damage.
You are electrocuted!
Ouch! That really hurt!
* * * LOW HITPOINT WARNING * * *
You barely miss the crimson imp.
The crimson imp is severely wounded.
The crimson imp blinks!
The crimson imp attacks as you move away!
The crimson imp hits you with a +0 dagger of chaos.
* * * LOW HITPOINT WARNING * * *
You miss the crimson imp.
Your tail-slap misses the crimson imp.
The crimson imp is heavily wounded.
The crimson imp hits you with a +0 dagger of chaos.
You die...

.# #..# .# #..# ## #..# ###
#..# ..# #..# #.#
######..####### # #.#
#............[.#. #)#
#.####.5#######.# #)# #.#
#..@# #.# #.# ##.# ###'##
#.# ..##### #..# #...# #.#
......# #.## #...######.#
##### #####.# #.#
#_._#...#..# ...
...##.###.###########.#.##
#.#
....................#....##
#†#
##.............####.#.###.##
#.# #####.###.#########..##
##.###.#


You could see a crimson imp.

Vanquished Creatures
  Jessica (D:3)
  2 adders
  3 dart slugs
  4 orcs (D:3)
  5 bats
  3 endoplasms
  4 giant cockroaches
  5 goblins
  3 hobgoblins
  3 quokkas
  A ball python (D:1)
  4 frilled lizards
  5 kobolds
  4 rats
47 creatures vanquished.

Notes
Turn   | Place    | Note
-------+----------+-------------------------------------------
     0 | D:1      | Ivernyr the Draconian Transmuter began the quest for the
                  | Orb.
     0 | D:1      | Reached XP level 1. HP: 16/16 MP: 3/3
   476 | D:1      | Reached XP level 2. HP: 15/23 MP: 5/5
   624 | D:1      | Learned a level 2 spell: Wereblood
  1280 | D:2      | Reached XP level 3. HP: 21/29 MP: 6/6
  2017 | D:3      | Found Zin's Purification Station.
  2018 | D:3      | Found a glowing silver altar of Zin.
  2128 | D:3      | Found a sacrificial altar of Ru.
  2434 | D:3      | Reached XP level 4. HP: 34/36 MP: 7/7
  2473 | D:3      | Noticed Jessica
  2489 | D:3      | Killed Jessica
  2584 | D:3      | Found a shimmering altar of Xom.
  2584 | D:3      | Found a burning altar of Makhleb.
  2613 | D:3      | Slain by a crimson imp

Illustrated notes

Levels and vault maps discovered:
D:1:      minmay_arrival_doors, layout_loops_ring, roderic_serpentine_path,
          grunt_decor_one_mirror
D:2:      layout_rooms
D:3:      layout_loops_ring, gammafunk_temple_overflow_claw, zin_purify,
          grunt_temple_overflow_champion_of_chaos,
          mainiacjoe_overflow_surrounded_room, uniq_jessica

Skill      XL: |  1  2  3 |
---------------+----------+-----
Fighting       | 2 |  2.2
Transmutations | 3 |  3.4
Dodging        | |  1.7
Unarmed Combat | |  3.5
Spellcasting   | |  2.6

Action                   |  1- 3 |  4- 6 || total
-------------------------+-------+-------++-------
Melee: Unarmed           |   221 |    34 ||   255
       Tailslap          |    18 |     5 ||    23
       Punch             |     3 |       ||     3
 Stab: Invisible         |       |     2 ||     2
Armor: Skin              |    87 |    12 ||    99
Dodge: Dodged            |   178 |    15 ||   193
